 Dungeon Sprint DCSS version bcrawl-1.40.3b (webtiles) character file.

Game seed: 4828443121127197812

2491794 petercordia the Warrior (level 13, -6/103 HPs)
             Began as a Gargoyle Gladiator on Mar 8, 2024.
             Was the Champion of Makhleb.
             Mangled by Donald
             ... wielding a cursed -2 double sword
              (24 damage)
             ... in the Dungeon (Sprint IX: "|||||||||||||||||||||||||||||").
             The game lasted 00:11:49 (1562 turns).

petercordia the Warrior (Gargoyle Gladiator)        Turns: 1562, Time: 00:11:49

Health: -6/103     AC: 31    Str: 27    XL:     13   Next: 18%
Magic:  23/23      EV: 11    Int:  8    God:    Makhleb [******]
Gold:   1878       SH:  0    Dex: 11    Spells: 12/12 levels left

rFire    + . .     GDR:     43% p - +2 halberd (venom)
rCold    + . .     SeeInvis .   (shield currently unavailable)
rNeg     + . .     Gourm    .   G - +3 chain mail
rPois    ∞         Faith    .   x - +1 hat {MR+}
rElec    +         Spirit   .   w - scarf {rC+ rF+}
rCorr    .         Reflect  .   F - +1 pair of gloves
MR       +....     NoTele   +   (no boots)
Stlth    ..........             (no amulet)
HPRegen  0.27/turn              u - +2 ring of protection
MPRegen  0.18/turn              v - +3 ring of strength

@: no status effects
A: negative energy resistance 1, electricity resistance, partial torment
resistance, unbreathing, petrification resistance, rot immunity, AC +9
a: Minor Destruction, Hew, Major Destruction, Greater Servant of Makhleb,
Renounce Religion


You were in the Dungeon.
You worshipped Makhleb.
Makhleb was exalted by your worship.
You were hungry.

You visited 1 branch You collected 1914 gold pieces.
You spent 36 gold pieces at shops.

Inventory:

Hand Weapons
 a - a +0 trident
 p - a +2 halberd of venom (weapon)
 q - a +0 lajatang
 E - a +1 glaive
Missiles
 d - 3 throwing nets {=f}
 s - 247 poisoned tomahawks (quivered)
Armour
 t - the +2 robe of Hedging {rPois rN+ Str+5 Int-4}
   (You found it in the Dungeon)

   It affects your strength (+5).
   It affects your intelligence (-4).
   It protects you from poison.
   It protects you from negative energy.
 w - a scarf of resistance (worn)
 x - a +1 hat of magic resistance (worn)
 F - a +1 pair of gloves (worn)
 G - a +3 chain mail (worn)
Jewellery
 u - a +2 ring of protection (left hand)
 v - a +3 ring of strength (right hand)
 A - an uncursed ring of resist corrosion
 B - an uncursed ring of protection from cold
 C - an uncursed ring of protection from magic
 D - an uncursed ring of protection from fire
Wands
 o - a wand of acid (7)
Scrolls
 b - 4 scrolls of enchant weapon
 c - 3 scrolls of fog
 k - 4 scrolls of blinking
 m - 3 scrolls of remove curse
 n - 2 scrolls of amnesia
 y - a scroll of fear
 z - a scroll of immolation
 I - 2 scrolls of enchant armour
Potions
 f - 16 potions of heal wounds
 g - 6 potions of curing
 h - 4 potions of magic
 j - 2 potions of berserk rage
 r - a potion of haste
 H - a potion of might
Comestibles
 e - 11 rations {!d}
 i - 12 chunks of flesh


   Skills:
 * Level 20.8 Fighting
 + Level 16.6 Polearms
 - Level 1.7 Throwing
 * Level 15.3 Armour
 * Level 4.8 Dodging
 * Level 14.4 Invocations


You had 12 spell levels left.
You didn't know any spells.
Your spell library was empty.

Dungeon Overview and Level Annotations

Branches:
Dungeon (1/1)

Altars:
Cheibriados
Dithmenos
Elyvilon
Fedhas
Gozag
Hepliaklqana
Kikubaaqudgha
Lugonu
Makhleb
Nemelex Xobeh
Okawaru
Qazlal
Ru
Sif Muna
Trog
Uskayaw
Vehumet
Wu Jian
Xom
Yredelemnul
Zin
The Shining One
Jiyva

Shops:
D ?**?

Annotations:
D Donald


Innate Abilities, Weirdness & Mutations

You are resistant to torment.
Your stone body is resilient. (AC +9)
You are immune to poison.
You resist negative energy. (rN+)
You are resistant to electric shocks. (rElec)
You are less affected by unholy pain and torment.
You can survive without breathing.
You are immune to petrification.
You are immune to rotting.


Message History

You hit Donald.
Donald is heavily wounded.
Donald hits you but does no damage.
You hit Donald.
Donald looks more poisoned.
Donald is severely wounded.
You hit Donald.
Donald looks more poisoned.
Donald is severely wounded.
Donald hits you with a cursed -2 double sword.
* * * LOW HITPOINT WARNING * * *
A fire elemental comes into view.
Donald blocks your attack.
Donald is severely wounded.
Donald hits you with a cursed -2 double sword!
* * * LOW HITPOINT WARNING * * *
Donald blocks your attack.
Donald is severely wounded.
You puncture Donald!
Donald looks more poisoned.
Donald is severely wounded.
Donald hits you with a cursed -2 double sword!!
You die...

...............................[.
▓▓▓▓▓▓▓▓▓▓▓▓▓▓▓▓▓▓▓▓▓▓▓▓▓▓▓▓▓▓▓▓▓
.∩.).)))......)))))['[.....)).)))
▓▓▓▓▓▓▓▓▓▓▓▓▓▓▓▓▓▓▓▓▓▓▓▓▓▓▓▓▓▓▓▓▓
.................................
▓▓▓▓▓▓▓▓▓▓▓▓▓▓▓▓▓▓▓▓▓▓▓▓▓▓▓▓▓▓▓▓▓
....))............[[[[[..).))))))
▓▓▓▓▓▓▓▓▓▓▓▓▓▓▓▓▓▓▓▓▓▓▓▓▓▓▓▓▓▓▓▓▓
................@@....E☼
▓▓▓▓▓▓▓▓▓▓▓▓▓▓▓▓▓▓▓▓▓▓▓♣


You could see Donald and a fire elemental.

Vanquished Creatures
  Gastronok (D)
  Kirke (D)
  A frost giant (D)
  2 stone giants (D)
  An ettin (D)
  An ice dragon (D)
  An ogre mage (D)
  A catoblepas (D)
  A hydra (D)
  A deep troll earth mage (D)
  2 centaur warriors (D)
  A glowing orange brain (D)
  A deep elf archer (D)
  3 orc knights (D)
  2 ugly things (D)
  6 orc sorcerers (D)
  A black mamba (D)
  A cane toad (D)
  A komodo dragon (D)
  A freezing wraith (D)
  2 trolls (D)
  A tengu conjurer (D)
  2 blink frogs (D)
  4 polar bears (D)
  A slime creature (D)
  A hippogriff (D)
  A wyvern (D)
  2 yaks (D)
  A basilisk (D)
  3 hogs (D)
  A human (D)
  A crocodile (D)
  2 water moccasins (D)
  3 porcupines (D)
  5 black bears (D)
  11 orc warriors (D)
  A sky beast (D)
  2 bullfrogs (D)
  2 centaurs (D)
  3 orc priests (D)
  2 crimson imps (D)
  11 orc wizards (D)
  An adder (D)
  A shadow imp (D)
  An adder skeleton (D)
  A leopard gecko (D)
  4 orcs (D)
  A bat zombie (D)
  2 giant cockroaches (D)
  A hobgoblin (D)
  A jackal (D)
  A ball python zombie (D)
106 creatures vanquished.

Vanquished Creatures (others)
  An iguana (D)
1 creature vanquished.

Grand Total: 107 creatures vanquished

Notes
Turn   | Place    | Note
-------+----------+-------------------------------------------
     0 | D        | petercordia the Gargoyle Gladiator began the quest for the
                  | Orb.
     0 | D        | Reached XP level 1. HP: 14/14 MP: 1/1
    17 | D        | Reached skill level 4 in Fighting
    29 | D        | Reached XP level 2. HP: 19/20 MP: 2/2
    36 | D        | Noticed a centaur
    36 | D        | Noticed an orc priest
    47 | D        | Reached skill level 5 in Fighting
    47 | D        | Reached skill level 5 in Polearms
    47 | D        | Reached skill level 1 in Armour
    47 | D        | Reached XP level 3. HP: 12/26 MP: 3/3
    53 | D        | Reached skill level 6 in Fighting
    53 | D        | Reached XP level 4. HP: 15/32 MP: 4/4
    69 | D        | Killed a centaur
    70 | D        | Reached skill level 7 in Fighting
    70 | D        | Reached XP level 5. HP: 9/38 MP: 5/5
    81 | D        | Found a roughly hewn altar of Beogh.
    81 | D        | Found a snail-covered altar of Cheibriados.
    81 | D        | Found a shadowy altar of Dithmenos.
    81 | D        | Found a white marble altar of Elyvilon.
    81 | D        | Found a blossoming altar of Fedhas.
    81 | D        | Found an opulent altar of Gozag.
    82 | D        | Found a hazy altar of Hepliaklqana.
    83 | D        | Found a viscous altar of Jiyva.
    84 | D        | Found an ancient bone altar of Kikubaaqudgha.
    85 | D        | Found a corrupted altar of Lugonu.
    86 | D        | Found a burning altar of Makhleb.
    87 | D        | Found a sparkling altar of Nemelex Xobeh.
    88 | D        | Found an iron altar of Okawaru.
    89 | D        | Found a stormy altar of Qazlal.
    90 | D        | Found a sacrificial altar of Ru.
    91 | D        | Found a shimmering blue altar of Sif Muna.
    92 | D        | Found a bloodstained altar of Trog.
    93 | D        | Found a hide-covered altar of Uskayaw.
   174 | D        | Became a worshipper of Makhleb the Destroyer
   175 | D        | Found a radiant altar of Vehumet.
   176 | D        | Found an ornate altar of the Wu Jian Council.
   177 | D        | Found a shimmering altar of Xom.
   178 | D        | Found a basalt altar of Yredelemnul.
   179 | D        | Found a glowing silver altar of Zin.
   180 | D        | Found a glowing golden altar of the Shining One.
   237 | D        | Noticed a sky beast
   237 | D        | Noticed a wyvern
   242 | D        | Killed a wyvern
   243 | D        | Reached skill level 9 in Fighting
   243 | D        | Reached XP level 6. HP: 46/46 MP: 6/6
   248 | D        | Reached skill level 10 in Polearms
   248 | D        | Reached * piety under Makhleb
   251 | D        | Killed a sky beast
   252 | D        | Reached skill level 10 in Fighting
   252 | D        | Reached XP level 7. HP: 46/52 MP: 7/7
   262 | D        | Noticed a troll
   262 | D        | Noticed a tengu conjurer
   262 | D        | Noticed a centaur warrior
   262 | D        | Noticed a yak
   265 | D        | Killed a yak
   265 | D        | Reached ** piety under Makhleb
   270 | D        | Killed a centaur warrior
   271 | D        | Reached skill level 11 in Fighting
   271 | D        | Reached skill level 5 in Armour
   271 | D        | Reached XP level 8. HP: 60/60 MP: 8/8
   277 | D        | Killed a tengu conjurer
   278 | D        | Reached skill level 12 in Fighting
   286 | D        | Killed a troll
   287 | D        | Reached XP level 9. HP: 60/65 MP: 9/9
   293 | D        | Reached *** piety under Makhleb
   415 | D        | Noticed a black mamba
   421 | D        | Reached skill level 1 in Invocations
   425 | D        | Noticed a cane toad
   428 | D        | Killed a black mamba
   428 | D        | Reached **** piety under Makhleb
   444 | D        | Killed a cane toad
   445 | D        | Reached skill level 13 in Fighting
   445 | D        | Reached skill level 5 in Invocations
   447 | D        | Reached ***** piety under Makhleb
   448 | D        | Reached skill level 15 in Polearms
   462 | D        | Noticed a seven-headed hydra
   462 | D        | Noticed a komodo dragon
   464 | D        | Noticed a catoblepas
   474 | D        | Killed a komodo dragon
   475 | D        | Reached XP level 10. HP: 73/73 MP: 12/14
   484 | D        | Killed a 14-headed hydra
   489 | D        | Killed a catoblepas
   495 | D        | Reached skill level 14 in Fighting
   546 | D        | Reached ****** piety under Makhleb
   563 | D        | Reached skill level 10 in Armour
   569 | D        | Reached XP level 11. HP: 80/80 MP: 16/18
   670 | D        | Noticed Gastronok
   680 | D        | Killed Gastronok
   681 | D        | Reached skill level 16 in Fighting
   726 | D        | Noticed a stone giant
   726 | D        | Noticed an ettin
   737 | D        | Killed a stone giant
   737 | D        | Killed an ettin
   784 | D        | Reached skill level 17 in Fighting
   867 | D        | Noticed an orc knight
   869 | D        | Noticed an orc knight
   875 | D        | Noticed an orc knight
   882 | D        | Killed an orc knight
   885 | D        | Killed an orc knight
   886 | D        | Reached XP level 12. HP: 46/91 MP: 21/21
  1018 | D        | Found Kaogoe's Magic Scroll Boutique.
  1028 | D        | Noticed a soul eater
  1029 | D        | Reached skill level 18 in Fighting
  1043 | D        | Found Nakh's General Store.
  1045 | D        | Found Disuiq's Assorted Antiques.
  1050 | D        | Found Pialusiz's Magic Scroll Shop.
  1077 | D        | Bought a scroll labeled NAKAKE CINIP for 18 gold pieces
  1077 | D        | Bought a scroll labeled MEOS XAFIXIME for 18 gold pieces
  1239 | D        | Got the +2 robe of Hedging {rPois rN+ Str+5 Int-4}
  1267 | D        | Noticed a centaur warrior
  1290 | D        | Killed a centaur warrior
  1290 | D        | Noticed a frost giant
  1291 | D        | Reached skill level 19 in Fighting
  1293 | D        | Noticed an ogre mage
  1311 | D        | Killed a frost giant
  1320 | D        | Killed an ogre mage
  1346 | D        | Noticed a stone giant
  1346 | D        | Noticed an ice dragon
  1347 | D        | Noticed a deep troll earth mage
  1363 | D        | Killed a stone giant
  1364 | D        | Reached skill level 20 in Fighting
  1364 | D        | Reached skill level 15 in Armour
  1364 | D        | Reached XP level 13. HP: 98/101 MP: 23/23
  1372 | D        | Killed an ice dragon
  1474 | D        | Noticed Kirke
  1499 | D        | Killed Kirke
  1540 | D        | Noticed Donald
  1562 | D        | Mangled by Donald

Skill      XL: |  1  2  3  4  5  6  7  8  9 10 11 12 |
---------------+-------------------------------------+-----
Polearms       | 3 5 6 7 9 10 12 13 15 16 | 16.6
Fighting       | 4 5 6 7 9 10 11 12 13 14 17 20 | 20.8
Armour         | 1 2 3 5 6 7 10 13 15 | 15.3
Invocations    | 5 9 12 14 | 14.4
Dodging        | 4 |  4.8
Throwing       | |  1.7

Action                   |  1- 3 |  4- 6 |  7- 9 | 10-12 | 13-15 || total
-------------------------+-------+-------+-------+-------+-------++-------
Melee: Trident           |    40 |    19 |       |       |       ||    59
       Halberd           |       |    13 |    78 |   273 |    58 ||   422
Invok: Major Destruction |       |       |       |     2 |       ||     2
Evoke: Wand              |       |       |     1 |     2 |       ||     3
  Use: Potion            |     1 |     1 |       |       |       ||     2
       Scroll            |       |       |       |     2 |       ||     2
 Stab: Invisible         |       |     1 |     5 |       |       ||     6
       Petrified         |       |       |       |     5 |       ||     5
  Eat: Chunk             |       |       |     2 |     7 |     1 ||    10
Armor: Leather armour    |     8 |     1 |       |       |       ||     9
       Plate armour      |       |     2 |    40 |    49 |       ||    91
       Chain mail        |       |       |       |    27 |    20 ||    47
Dodge: Dodged            |    22 |    12 |    25 |    47 |     5 ||   111
